cohdb
Replays
Latest Replays
All Replays
Popular Replays
Top Player Replays
Match Explorer
How It Works
Community
CoH3 Stats
Reddit
Sign in to upload your games and track your stats! →
Sign in with Steam
Match 38819458
Unlisted
Match 38819458
Overview
Messages
Build Orders
End
Panzergrenadier Squad
250 Light Carrier
Panzergrenadier Squad
Construct Light Support Kompanie
Fire Support Elements
Veteran Squad Leaders
Flakvierling Half-track
2.5-tonne Medical Truck
Panzerjäger Mechanized Group
Selects Italian Infantry
Selects Defensive Operations
Selects Prepared Positions
Selects Guastatori Squad
Selects Defensive Operations
Guastatori Squad
Construct Panzerarmee Kommand
Panzer III L Medium Tank
Panzerjäger Mechanized Group
Selects Prepared Positions
Selects Registered Artillery
Selects Obice 305mm Barrage
Construct Mechanized Kompanie
18-tonne Recovery Half-track
Panzerjäger Squad
2.5-tonne Medical Truck
알파카사랑해♥
Red October
Amy Meier
haruan
Honey
khj
乌拉
Zebra
0
0
Comments
sign in to comment!
No comments posted yet!